 Dungeon Crawl Stone Soup version 0.20-a0-513-g02c11fc (webtiles) character file.

55 kae the Skirmisher (level 3, -3/30 HPs)
             Began as a Barachian Fighter on Jan 23, 2017.
             Slain by a worm (9 damage)
             ... on level 2 of the Dungeon.
             The game lasted 00:01:25 (1270 turns).

kae the Skirmisher (Barachian Fighter)              Turns: 1270, Time: 00:01:25

Health: -3/30      AC:  7    Str: 15    XL:     3   Next: 93%
Magic:  3/3        EV:  6    Int:  6    God:
Gold:   106        SH:  8    Dex: 10    Spells: 2/2 levels left

rFire    . . .     SeeInvis .   a - +0 long sword
rCold    . . .     Gourm    .   b - +0 scale mail
rNeg     . . .     Faith    .   c - +0 shield
rPois    .         Spirit   .   (no helmet)
rElec    .         Reflect  .   (no cloak)
rCorr    .         Harm     .   (no gloves)
MR       .....                  (no boots)
Stlth    ..........             (no amulet)
Regen    0.1/turn               (no ring)
                                (no ring)

@: slow
A: swims, slowness 1, strong legs 1
a: Hop


You were on level 2 of the Dungeon.
You were hungry.

You visited 1 branch of the dungeon, and saw 2 of its levels.

You collected 106 gold pieces.

Inventory:

Hand Weapons
 a - a +0 long sword (weapon)
Missiles
 i - a throwing net (quivered)
Armour
 b - a +0 scale mail (worn)
 c - a +0 shield (worn)
Scrolls
 e - a scroll of immolation
 k - a scroll of remove curse
 l - a scroll of enchant armour {unknown}
 n - a scroll of blinking {unknown}
 q - 2 scrolls of identify {unknown}
Potions
 d - 2 potions of might
 h - a potion of agility {unknown}
 j - a potion of degeneration {unknown}
 m - 2 potions of magic {unknown}
 o - a potion of berserk rage {unknown}
Comestibles
 f - 3 bread rations
 g - 3 meat rations
 p - a fruit


   Skills:
 + Level 4.0 Fighting
 * Level 3.3 Long Blades
 + Level 3.8 Armour
 - Level 3.0 Shields


You had 2 spell levels left.
You didn't know any spells.

Dungeon Overview and Level Annotations

Branches:
Dungeon (2/15)

Altars:
Fedhas
Yredelemnul


Innate Abilities, Weirdness & Mutations

You can swim through water.
You cover ground slowly.
You can hop short distances.


Message History

You are too injured to fight recklessly!
You are too injured to fight recklessly!
You are too injured to fight recklessly!
You closely miss the bat.
The bat is severely wounded.
The bat hits you but does no damage. You block the bat's attack.
You hit the worm.
The worm is lightly wounded.
The bat hits you but does no damage. The worm bites you!
You hit the worm but do no damage.
The worm is lightly wounded.
The bat hits you but does no damage. You block the worm's attack.
You hit the worm.
The worm is moderately wounded.
The bat hits you but does no damage. x2; The worm bites you.
* * * LOW HITPOINT WARNING * * *
You hit the worm.
The worm is heavily wounded.
The bat barely misses you. The worm bites you!
You die...

......#...#......#
......#...#......####
......'...'...#.....# .
#.....#...#...#.....##..
+.....#...#.###.........
#.....#...#.##..........
#.....#...#.##..........
....#+#####.##..(w......
............##..@##.....
............##..(# .....
............##...# ....
..>............... ..
...................
...........##.##...#
#####....####. ....#
_.... #........#####
.#.... #....
#.##.....#...# . ....
... #8...


You could see a worm.

Vanquished Creatures
  An adder (D:2)
  2 worms (D:2)
  3 dart slugs
  A leopard gecko (D:1)
  3 giant cockroaches
  2 goblins
  4 hobgoblins
  5 kobolds
  6 bats
  2 frilled lizards (D:1)
  4 rats
33 creatures vanquished.

Notes
Turn   | Place    | Note
-------+----------+-------------------------------------------
     0 | D:1      | kae the Barachian Fighter began the quest for the Orb.
     0 | D:1      | Reached XP level 1. HP: 18/18 MP: 1/1
    72 | D:1      | Reached XP level 2. HP: 24/24 MP: 2/2
   486 | D:1      | Reached XP level 3. HP: 24/29 MP: 3/3
  1135 | D:2      | Found a basalt altar of Yredelemnul.
  1140 | D:2      | Found a blossoming altar of Fedhas.
  1187 | D:2      | Reached skill level 4 in Fighting
  1270 | D:2      | Slain by a worm

Vault maps used:
D:1:      elethiomel_arrival_infinity_welcomes_careful_drivers,
          minmay_misc_feat_enclosed
D:2:      nicolae_overflow_hidden_temple, minmay_pentomino_w2

Skill      XL: |  1  2  3 |
---------------+----------+-----
Long Blades    | 3 |  3.3
Fighting       | 4 |  4.0
Armour         | |  3.8
Shields        | |  3.0

Action                   || total
-------------------------++-------
Melee: Long sword        ||   142
 Abil: Hop               ||     1
  Use: Scroll            ||     2
  Eat: Chunk             ||     1
Armor: Scale mail        ||    94
Dodge: Dodged            ||    50
Block: Shield            ||    83
       Rpst.: Long sword ||    16
